[Event "Malawi Championship (W)"]
[Site "followchess.com"]
[Date "2022.04.18"]
[Round "9"]
[White "Tadeyo Charity"]
[Black "Shriyan santosh Priyasha"]
[Result "0-1"]
[WhiteElo "1096"]
[BlackElo "1583"]
[ECO "A10"]
[WhiteFed "MAW"]
[BlackFed "MAW"]
[FCGameId "-182782762"]
[WhiteFideId "20506988"]
[BlackFideId "20505353"]
[TimeControl "5400+00"]

1. c4 g6 2. Nc3 Bg7 3. g3 Nf6 4. Bg2 d6 5. Nf3 e5 6. e4 O-O 7. d3 c6 8. O-O Re8 9. b3 Bg4 10. Qd2 Qd7 11. Re1 Bh3 12. Ng5 Bxg2 13. Kxg2 d5 14. cxd5 cxd5 15. exd5 Nxd5 16. Nge4 Nxc3 17. Nxc3 Nc6 18. Bb2 Rad8 19. Rad1 Nd4 20. Ne4 f5 21. Bxd4 Qxd4 22. Ng5 Qd5+ 23. f3 h6 24. Nh3 e4 25. Nf4 Qf7 26. fxe4 fxe4 27. Qf2 g5 28. Nh3 Qg6 29. dxe4 Rxd1 30. Rxd1 Qxe4+ 31. Kg1 Qg4 32. Qf1 Bd4+ 33. Nf2 Bxf2+ 
34. Kg2 Bb6 35. Qc4+ Qxc4 36. 
bxc4 Re2+ 37. Kh3 Rxa2 38. 
Rd7 Rc2 39. Rxb7 Rxc4 40. Rd7 Rc7 41. Rd8+ Kg7 42. Kg4 Rc4+ 
0-1

[Event "Malawi Championship (W)"]
[Site "followchess.com"]
[Date "2022.04.18"]
[Round "9"]
[White "Banda Tapiwa"]
[Black "Namangale, Susan"]
[Result "1-0"]
[WhiteElo "1114"]
[BlackElo "1301"]
[ECO "B07"]
[WhiteFed "MAW"]
[BlackFed "MAW"]
[FCGameId "1939078286"]
[WhiteFideId "20505230"]
[BlackFideId "20501790"]
[TimeControl "5400+00"]

1. e4 d6 2. Nf3 b6 3. Bc4 e6 4. d3 Bb7 5. a3 Be7 6. Ba2 Nd7 7. d4 Bxe4 8. O-O f5 9. Nc3 Bb7 10. Bxe6 Be4 11. Nxe4 fxe4 12. Nd2 
Ngf6 13. Re1 d5 14. c4 c6 15. Qb3 Nf8 16. Bh3 N8d7 17. cxd5 cxd5 18. f3 O-O 19. fxe4 Nb8 20. e5 Nh5 21. Be6+ Kh8 22. Qxd5 Na6 23. Qxd8 Raxd8 24. Nf3 Nf4 25. Bxf4 Rxf4 26. Rec1 g5 27. Rc8 Rxc8 28. Bxc8 g4 29. Bxa6 gxf3 30. Rf1 Rxd4 31. Rxf3 Re4 32. g3 Bc5+ 33. Kg2 Rxe5 34. Rf7 Re2+ 35. Bxe2 a5 36. Bd3 Bd4 37. b3 h6 38. Rh7+ Kg8 39. Rxh6 Kg7 40. Rg6+ Kf7 41. Rg4 Bb2 42. a4 Be5 43. Rf4+ Bxf4 44. gxf4 Kg7 45. Kg3 Kh6 46. Kg4 Kg7 47. Kg5 Kf7 48. h4 Kg7 49. h5 Kh8 50. Kg6 1-0

[Event "Malawi Championship (W)"]
[Site "followchess.com"]
[Date "2022.04.18"]
[Round "9"]
[White "Mpinganjira, Ellen"]
[Black "Kapalamula Martha"]
[Result "1/2-1/2"]
[WhiteElo "1360"]
[BlackElo "1155"]
[ECO "C64"]
[WhiteFed "MAW"]
[BlackFed "MAW"]
[FCGameId "856771489"]
[WhiteFideId "16400100"]
[BlackFideId "20505116"]
[TimeControl "5400+00"]

1. e4 e5 2. Nf3 Nc6 3. Bb5 Bc5 4. d3 a6 5. Ba4 b5 6. Bb3 h6 7. O-O Nf6 8. Nc3 d6 9. h3 Be6 10. Ne2 O-O 11. Ng3 Qd7 12. Nh2 a5 13. c3 a4 14. Bc2 d5 15. Be3 d4 16. cxd4 Nxd4 17. Nf3 Qd6 18. Nxd4 Bxd4 19. Bxd4 Qxd4 20. Qc1 Nh7 21. a3 c5 22. Ne2 Qd7 23. f4 Qd6 24. f5 Bd7 25. Rf3 Qf6 26. Qe3 Rac8 27. Raf1 Rc6 28. Ng3 Qh4 29. Ne2 Kh8 30. Kh1 f6 31. Nc3 Be8 32. Nxb5 Ng5 33. Rg3 g6 34. Bxa4 gxf5 35. Rf2 f4 36. 
Rxf4 Bg6 37. Rf1 f5 38. Qf2 f4 39. Rg4 Qxf2 40. Rxf2 c4 41. Nc3 Rc5 42. dxc4 Rxc4 43. Bb3 Rd4 44. h4 Bh5 45. Rxg5 hxg5 46. hxg5 Kg7 47. Nb5 Rd3 48. Bd5 Rh8 49. Kg1 Rd1+ 50. Rf1 Rxf1+ 51. Kxf1 Bf7 52. Nc3 Rh1+ 53. Kf2 Bxd5 54. Nxd5 1/2-1/2

[Event "Malawi Championship (W)"]
[Site "followchess.com"]
[Date "2022.04.17"]
[Round "8"]
[White "Shriyan santosh Priyasha"]
[Black "Msukwa, Tupokiwe"]
[Result "1-0"]
[WhiteElo "1583"]
[BlackElo "1371"]
[ECO "A30"]
[WhiteFed "MAW"]
[BlackFed "MAW"]
[FCGameId "1563328634"]
[WhiteFideId "20505353"]
[BlackFideId "20500459"]
[TimeControl "5400+00"]

1. c4 c5 2. g3 d6 3. Bg2 Nc6 4. Nf3 Nf6 5. O-O e6 6. d4 cxd4 7. Nxd4 Bd7 8. Nb5 Qb8 9. Bg5 a6 10. Bxf6 axb5 11. cxb5 gxf6 12. bxc6 Bxc6 13. e4 Bg7 14. Nc3 Qc7 15. Qg4 Rg8 16. Rac1 Qe7 17. Rfe1 Kf8 18. Qh5 h6 19. Nd5 Bxd5 20. exd5 f5 21. dxe6 fxe6 22. Bd5 Qg5 23. Qxg5 hxg5 24. Bxe6 Rh8 25. Rc7 Re8 26. Rf7+ Kg8 27. Rf6+ Rxe6 28. Rfxe6 Be5 29. Re8+ Kf7 30. Rxh8 Bxh8 31. Rd1 Ke6 32. b3 Be5 33. Kf1 Kd7 34. Ke2 Kc6 35. Ke3 f4+ 36. Kf3 fxg3 37. fxg3 b5 38. h4 gxh4 39. gxh4 Kc5 40. Ke4 Kb4 41. Rd2 Kc3 42. Rd5 Bf6 43. h5 Kb4 44. Rxd6 Ba1 45. h6 Ka3 46. Ra6+ Kb4 47. h7 Bg7 48. Ra8 Bc3 49. h8=Q Bxh8 50. Rxh8 Ka3 51. Ra8+ Kb4 52. Kd5 Kc3 53. 
Rc8+ Kb4 54. Rc5 Ka3 55. Rxb5 Kxa2 56. Rb8 1-0

[Event "Malawi Championship (W)"]
[Site "followchess.com"]
[Date "2022.04.17"]
[Round "8"]
[White "Mpinganjira, Ellen"]
[Black "Jambo, Linda"]
[Result "1-0"]
[WhiteElo "1360"]
[BlackElo "1450"]
[ECO "C62"]
[WhiteFed "MAW"]
[BlackFed "MAW"]
[FCGameId "-1238072698"]
[WhiteFideId "16400100"]
[BlackFideId "16400054"]
[TimeControl "5400+00"]

1. e4 e5 2. Nf3 Nc6 3. Bb5 d6 4. h3 Bd7 5. d3 Be7 6. a3 Nf6 7. O-O O-O 8. Nc3 a6 9. Ba4 b5 10. Bb3 h6 11. Ne2 Qc8 12. Ng3 Be6 13. Ba2 Bxa2 14. Rxa2 Qe6 15. Ra1 Rfd8 16. Nf5 Nh7 17. Nh2 Nd4 18. Nxe7+ Qxe7 19. c3 Ne6 20. Qf3 Qf6 21. Qg3 Qg6 22. Qxg6 fxg6 23. f4 exf4 24. Bxf4 Nxf4 25. Rxf4 g5 26. Rf2 Rf8 27. 
Raf1 Rxf2 28. Rxf2 Rf8 29. Ng4 Rxf2 30. Kxf2 Nf6 31. 
Ne3 Kf7 32. Kf3 h5 33. Nc2 c5 34. b4 Ke6 35. d4 cxd4 36. cxd4 Nd7 37. Ne3 Nb6 38. Ke2 d5 39. exd5+ Nxd5 40. Nxd5 Kxd5 41. Kd3 g6 42. g4 h4 43. Ke3 Kc4 44. Ke4 Kb3 45. d5 Kxa3 46. d6 Kxb4 47. d7 a5 48. d8=Q a4 49. Qd2+ Kc4 50. Qd4+ Kb3 51. 
Qd5+ Kb4 52. Kd3 a3 53. Kc2 a2 54. Qxa2 Kc5 1-0

[Event "Malawi Championship (W)"]
[Site "followchess.com"]
[Date "2022.04.17"]
[Round "8"]
[White "Kapalamula Martha"]
[Black "Tadeyo Charity"]
[Result "1-0"]
[WhiteElo "1155"]
[BlackElo "1096"]
[ECO "C41"]
[WhiteFed "MAW"]
[BlackFed "MAW"]
[FCGameId "521105626"]
[WhiteFideId "20505116"]
[BlackFideId "20506988"]
[TimeControl "5400+00"]

1. e4 e5 2. Nf3 d6 3. Bc4 h6 4. Nc3 Nf6 5. h3 c5 6. O-O Nc6 7. d3 Be7 8. Be3 O-O 9. Nh4 Na5 10. Ng6 Nxc4 11. Nxe7+ Qxe7 12. dxc4 b6 13. Nd5 Qd8 14. f4 Nxe4 15. Qf3 Bf5 16. fxe5 dxe5 17. Qxf5 Ng3 18. Qg4 Nxf1 19. Bxh6 g6 20. Bxf8 Kxf8 21. Rxf1 Qd6 22. Qh4 Kg7 23. Rf6 Qd7 24. 
Qg5 Re8 25. h4 Re6 26. h5 Rxf6 27. Qxf6+ Kh6 28. Qh8+ Kg5 29. Qxe5+ Kh6 30. Qf4+ Kg7 31. h6+ Kf8 32. Qf6 Qf5 33. Qe6 1-0

[Event "Malawi Championship (W)"]
[Site "followchess.com"]
[Date "2022.04.17"]
[Round "8"]
[White "Kumwenda Tina"]
[Black "Namangale, Susan"]
[Result "0-1"]
[WhiteElo "1195"]
[BlackElo "1301"]
[ECO "B00"]
[WhiteFed "MAW"]
[BlackFed "MAW"]
[FCGameId "1121802553"]
[WhiteFideId "20502338"]
[BlackFideId "20501790"]
[TimeControl "5400+00"]

1. e4 b6 2. Nf3 Bb7 3. Nc3 e6 4. a3 d6 5. d4 c5 6. d5 e5 7. Bb5+ Nd7 8. Be3 Nf6 9. Bg5 h6 10. Bh4 Be7 11. Ne2 Nxe4 12. Bxe7 Qxe7 13. Bxd7+ Qxd7 14. Qd3 f5 15. g4 fxg4 16. Qxe4 gxf3 17. Qxf3 O-O-O 18. O-O-O Rhf8 19. Qe3 c4 20. Nc3 Qf7 21. Rhf1 Qf4 22. Qxf4 Rxf4 23. Rd2 Rdf8 24. Nb5 Kb8 25. c3 R8f6 26. a4 a6 27. Na3 Bc8 28. Rg1 g5 29. Nc2 Bd7 30. Nb4 a5 31. Nc6+ Kb7 32. Ne7 Bxa4 33. Ng8 Rg6 34. Nxh6 Rxh6 35. Rxg5 
Rxh2 36. Rg7+ Ka6 37. Rd7 Rh1+ 0-1

[Event "Malawi Championship (W)"]
[Site "followchess.com"]
[Date "2022.04.17"]
[Round "7"]
[White "Kapalamula Martha"]
[Black "Shriyan santosh Priyasha"]
[Result "0-1"]
[WhiteElo "1155"]
[BlackElo "1583"]
[ECO "B06"]
[WhiteFed "MAW"]
[BlackFed "MAW"]
[FCGameId "-832239726"]
[WhiteFideId "20505116"]
[BlackFideId "20505353"]
[TimeControl "5400+00"]

1. e4 g6 2. d4 Bg7 3. Nf3 d6 4. Bc4 Nf6 5. Nc3 O-O 6. Qe2 Nfd7 7. Bf4 c5 8. Rd1 cxd4 9. Nd5 e6 10. Nb4 Qb6 11. Nd3 e5 12. Bg5 Nf6 13. O-O Nc6 14. a3 Re8 15. b4 Be6 16. Bxe6 Rxe6 17. Nh4 h6 18. Bxf6 Bxf6 19. Qg4 Bg7 20. Kh1 Rae8 21. f4 exf4 22. Qxf4 R8e7 23. Qg4 Rxe4 24. Rf4 Re2 25. Rdf1 h5 26. Qg3 Ne5 27. Nxe5 dxe5 28. R4f2 Rxf2 29. Qxf2 e4 30. Qf4 Qc7 31. Qg5 Re5 32. Qd2 Re7 33. g3 e3 34. Qd3 Qc6+ 35. Kg1 Rc7 36. Qb3 Qxc2 37. Qd5 Qc6 38. Qd8+ Kh7 {-error} 0-1

[Event "Malawi Championship (W)"]
[Site "followchess.com"]
[Date "2022.04.17"]
[Round "7"]
[White "Jambo, Linda"]
[Black "Banda Tapiwa"]
[Result "1-0"]
[WhiteElo "1450"]
[BlackElo "1114"]
[ECO "C41"]
[WhiteFed "MAW"]
[BlackFed "MAW"]
[FCGameId "324653686"]
[WhiteFideId "16400054"]
[BlackFideId "20505230"]
[TimeControl "5400+00"]

1. e4 e5 2. Nf3 d6 3. Be2 Nf6 4. Nc3 Be7 5. O-O O-O 6. h3 Nbd7 7. Re1 Nc5 8. Bc4 h6 9. d4 Ncd7 10. dxe5 Nxe5 11. Nxe5 dxe5 12. Qxd8 Bxd8 13. b3 c6 14. a4 a5 15. Bb2 Bc7 16. Rad1 b6 17. Ba3 Re8 18. Bd6 Bb8 19. Bxb8 Rxb8 20. Rd6 Bb7 21. Red1 Re7 22. Rd8+ Rxd8 23. Rxd8+ 
Kh7 24. f3 Nh5 25. Ne2 Nf4 26. Nxf4 exf4 27. Rd6 Rc7 28. e5 Bc8 29. Bd3+ g6 30. Rf6 Kg7 31. Rxf4 Re7 32. Rf6 Re6 33. Be4 Bd7 34. Rxe6 fxe6 35. f4 b5 36. axb5 cxb5 37. Kf2 a4 38. bxa4 bxa4 39. c4 a3 40. Bb1 g5 41. g3 Ba4 42. c5 Bb3 43. c6 Bd5 44. c7 Bb7 45. Ba2 Kf7 46. f5 Ke7 47. Bxe6 h5 48. Ba2 Bc8 49. f6+ Kf8 50. e6 Ke8 51. Ke3 g4 52. hxg4 hxg4 53. Kf4 1-0

[Event "Malawi Championship (W)"]
[Site "followchess.com"]
[Date "2022.04.17"]
[Round "7"]
[White "Msukwa, Tupokiwe"]
[Black "Kumwenda Tina"]
[Result "1-0"]
[WhiteElo "1371"]
[BlackElo "1195"]
[ECO "D20"]
[WhiteFed "MAW"]
[BlackFed "MAW"]
[FCGameId "-192112349"]
[WhiteFideId "20500459"]
[BlackFideId "20502338"]
[TimeControl "5400+00"]

1. d4 d5 2. c4 dxc4 3. e4 Nc6 4. Be3 e5 5. d5 Bb4+ 6. Nc3 Bxc3+ 7. bxc3 Nce7 8. Bxc4 a6 9. Bd3 Nf6 10. h3 h6 11. Nf3 Qd6 12. c4 c6 13. c5 Qc7 14. d6 Qa5+ 15. Bd2 Qxc5 16. dxe7 Qxe7 17. O-O O-O 18. 
Qc2 Nd7 19. Rfd1 Kh8 20. Rab1 f6 21. Be3 Rd8 22. Rd2 Nf8 23. Rbd1 Be6 24. Bc5 Qd7 25. Bc4 Qf7 26. Rxd8 Rxd8 27. Rxd8 Bxc4 28. Rxf8+ Qxf8 29. Bxf8 Kg8 30. Qxc4+ Kxf8 31. Qc5+ 
Ke8 32. Qb6 1-0

[Event "Malawi Championship (W)"]
[Site "followchess.com"]
[Date "2022.04.17"]
[Round "7"]
[White "Tadeyo Charity"]
[Black "Msiska, Royce"]
[Result "1-0"]
[WhiteElo "1096"]
[BlackElo "1271"]
[ECO "C44"]
[WhiteFed "MAW"]
[BlackFed "MAW"]
[FCGameId "664029692"]
[WhiteFideId "20506988"]
[BlackFideId "16400194"]
[TimeControl "5400+00"]

1. e4 e5 2. c4 Nc6 3. Nf3 Bc5 4. d3 Nf6 5. h3 O-O 6. Be2 h6 7. Nc3 d6 8. Na4 b6 9. a3 Bd4 10. O-O Ba6 11. Nxd4 Nxd4 12. Nc3 c6 13. b4 b5 14. cxb5 cxb5 15. Be3 Qb6 16. Rc1 Bb7 17. Bf3 a6 18. Ne2 Rad8 19. Nxd4 exd4 20. Bd2 Rfe8 21. Bf4 d5 22. Bc7 Qe6 23. Bxd8 Rxd8 24. Re1 dxe4 25. dxe4 Bxe4 26. Bxe4 Nxe4 27. f3 Qb6 28. Rxe4 d3+ 29. Kh1 d2 30. Rc2 Qf2 31. Re2 Qxe2 32. Qxe2 d1=Q+ 33. Qxd1 
Rxd1+ 34. Kh2 Ra1 35. Rc3 g6 36. Kg3 Rd1 37. h4 h5 38. Rc6 Rd7 39. Rxa6 Rb7 40. Rc6 Kg7 41. Kf4 Ra7 42. Rb6 Rxa3 43. Rxb5 Rc3 44. Rc5 Rxc5 45. bxc5 Kf8 46. Ke5 Ke8 47. Kd6 Kd8 48. Kc6 Kc8 49. Kd6 Kd8 50. c6 Kc8 51. c7 f5 52. f4 {-error} 1-0

[Event "Malawi Championship (W)"]
[Site "followchess.com"]
[Date "2022.04.17"]
[Round "6"]
[White "Mpinganjira, Ellen"]
[Black "Shriyan santosh Priyasha"]
[Result "0-1"]
[WhiteElo "1360"]
[BlackElo "1583"]
[ECO "B06"]
[WhiteFed "MAW"]
[BlackFed "MAW"]
[FCGameId "1091811737"]
[WhiteFideId "16400100"]
[BlackFideId "20505353"]
[TimeControl "5400+00"]

1. e4 g6 2. Nf3 Bg7 3. Bc4 d6 4. h3 Nf6 5. d3 O-O 6. O-O c5 7. c3 a6 8. Nbd2 b5 9. Bb3 Bb7 10. Re1 Nc6 11. a3 Nd7 12. Ba2 Nb6 13. Nf1 d5 14. exd5 Nxd5 15. Bd2 Qd6 16. Qc1 Nf6 17. Bh6 Qxd3 18. Bxg7 Kxg7 0-1

[Event "Malawi Championship (W)"]
[Site "followchess.com"]
[Date "2022.04.17"]
[Round "6"]
[White "Banda Tapiwa"]
[Black "Kapalamula Martha"]
[Result "0-1"]
[WhiteElo "1114"]
[BlackElo "1155"]
[ECO "C50"]
[WhiteFed "MAW"]
[BlackFed "MAW"]
[FCGameId "-2120737649"]
[WhiteFideId "20505230"]
[BlackFideId "20505116"]
[TimeControl "5400+00"]

1. e4 e5 2. Nf3 Nc6 3. Bc4 f5 4. d3 Nf6 5. Ng5 d5 6. exd5 Na5 7. Bb5+ c6 8. dxc6 bxc6 9. Ba4 h6 10. Nf3 Bd6 11. O-O O-O 12. Bd2 Bb7 13. b4 e4 14. dxe4 fxe4 15. bxa5 exf3 16. Qxf3 Nd5 17. Qd3 Qh4 18. Qh3 Qxh3 19. gxh3 Nf4 20. Bxf4 Rxf4 21. Bb3+ Kh8 22. Be6 Rf6 23. 
Bg4 Rg6 24. f3 h5 25. Nd2 hxg4 26. hxg4 Bc5+ 27. Kg2 Bd4 28. Rad1 c5 29. Nb3 Rxg4+ 30. Kh3 Rf4 31. Nxd4 cxd4 32. Kg3 Raf8 33. Rd3 Ba6 34. a4 Bxd3 35. cxd3 g6 36. Rf2 Kh7 37. Rf1 Kh6 38. Rf2 Kh5 39. Rf1 g5 40. h3 R8f5 41. a6 Ra5 42. Ra1 Rxa6 43. a5 Raf6 44. Rf1 a6 45. Rf2 R6f5 46. Rf1 Rxa5 47. Rf2 Raf5 0-1

[Event "Malawi Championship (W)"]
[Site "followchess.com"]
[Date "2022.04.17"]
[Round "6"]
[White "Tadeyo Charity"]
[Black "Msukwa, Tupokiwe"]
[Result "1/2-1/2"]
[WhiteElo "1096"]
[BlackElo "1371"]
[ECO "B20"]
[WhiteFed "MAW"]
[BlackFed "MAW"]
[FCGameId "52107455"]
[WhiteFideId "20506988"]
[BlackFideId "20500459"]
[TimeControl "5400+00"]

1. e4 c5 2. c4 e6 3. Nc3 Nc6 4. d3 Be7 5. Nf3 d6 6. Bd2 Nf6 7. Be2 a6 8. h3 O-O 9. a3 b6 10. O-O Bb7 11. b3 Qd7 12. Bf4 Nd4 13. Nxd4 cxd4 14. Na4 Qc7 15. Qc1 e5 16. Bg3 Rac8 17. Qd2 b5 18. Nb2 Nd7 19. Rac1 Qd8 20. cxb5 Rxc1 21. Qxc1 axb5 22. b4 Bg5 23. f4 Bh6 24. Qc2 Qb8 25. Bg4 Nf6 26. Be2 1/2-1/2

[Event "Malawi Championship (W)"]
[Site "followchess.com"]
[Date "2022.04.16"]
[Round "5"]
[White "Shriyan santosh Priyasha"]
[Black "Banda Tapiwa"]
[Result "0-1"]
[WhiteElo "1583"]
[BlackElo "1114"]
[ECO "A20"]
[WhiteFed "MAW"]
[BlackFed "MAW"]
[FCGameId "1798513801"]
[WhiteFideId "20505353"]
[BlackFideId "20505230"]
[TimeControl "5400+00"]

1. c4 e5 2. g3 c5 3. Bg2 Nc6 4. Nc3 Nf6 5. Nf3 d6 6. O-O Be7 7. d3 O-O 8. h3 Rb8 9. e3 a6 10. a4 b6 11. d4 Bb7 12. d5 Na7 13. e4 Re8 14. Nh4 g6 15. Nf3 Bc8 16. Nh2 Bd7 17. f4 exf4 18. Bxf4 Nh5 19. Qf3 Nxf4 20. gxf4 f5 21. e5 Qc7 22. Rae1 b5 23. e6 Bc8 24. axb5 axb5 25. cxb5 Nxb5 26. Ne2 Ba6 27. Rc1 Qb6 28. Rfd1 Bf6 29. Rc2 Nd4 30. Nxd4 Bxd4+ 31. Kh1 Qb3 32. Rdd2 Qxf3 33. Nxf3 Be3 34. Rd1 Bxf4 35. Ra1 Bd3 36. Rc3 Be4 37. Rc4 Rxb2 38. Ne1 Bxg2+ 39. Nxg2 Be5 40. Rd1 Rb3 41. Nf4 Bxf4 42. Rxf4 Rxh3+ 43. Kg2 Rb3 44. Ra4 h5 45. Ra6 c4 46. Rxd6 Ra8 47. e7 Kf7 48. Re1 Re8 49. Rde6 Rd3 50. d6 c3 51. R1e3 Rd2+ 52. Re2 Rd3 53. R2e3 c2 54. Rxd3 c1=Q 55. Ree3 Ra8 56. Re2 Ra1 57. e8=Q+ Kg7 58. Re7+ Kh6 59. Qh8+ Kg5 60. Rg3+ Kh4 61. Rh3+ Kg4 62. Rg3+ Kh4 63. Rh3+ Kg4 64. 
Rg3+ Kh4 65. Rh3+ Kg4 66. Rg3+ Kh4 67. Rh3+ Kg4 68. Rg3+ Kh4 69. Rh3+ Kg5 70. 
Rg3+ Kh4 71. Rh3+ Kg4 72. Rg3+ Kh4 73. Rh3+ Kg5 74. Rg3+ Kf4 75. Rh3 Kg5 76. 
Rg3+ Kh4 77. Qf6+ g5 78. Qd4+ f4 79. Rh3+ Kg4 80. Qh8 0-1

[Event "Malawi Championship (W)"]
[Site "followchess.com"]
[Date "2022.04.16"]
[Round "5"]
[White "Msukwa, Tupokiwe"]
[Black "Mpinganjira, Ellen"]
[Result "0-1"]
[WhiteElo "1371"]
[BlackElo "1360"]
[ECO "A43"]
[WhiteFed "MAW"]
[BlackFed "MAW"]
[FCGameId "654789252"]
[WhiteFideId "20500459"]
[BlackFideId "16400100"]
[TimeControl "5400+00"]

1. d4 c5 2. e3 d6 3. c4 Nf6 4. dxc5 Qa5+ 5. Nc3 Qxc5 6. Be2 e6 7. Nf3 Be7 8. O-O O-O 9. Qc2 g6 10. b3 Nbd7 11. Bb2 Rb8 12. Rfd1 a6 13. Qc1 Qc7 14. Ng5 Ne8 15. Nge4 b6 16. Bf3 Bb7 17. Nd2 Ne5 18. Bxb7 Qxb7 19. Nde4 Nd7 20. Qc2 Nc5 21. Rd2 f5 22. Ng3 Bf6 23. Rad1 Rd8 24. b4 Nd7 25. Nge2 Rf7 26. Nd4 Re7 27. b5 Bxd4 28. Rxd4 a5 29. Qe2 Qc7 30. f3 Ndf6 31. R4d2 Red7 32. e4 f4 33. Na4 e5 34. Nc3 Qc5+ 35. Kh1 Qc7 36. Rc2 Ng7 37. Nd5 Nxd5 38. Rxd5 Ne6 39. Qd2 Qb7 40. Rc1 Kf8 41. Rd1 Ke7 42. Rd3 Nc5 43. Rc3 Qc7 44. Qd5 0-1

[Event "Malawi Championship (W)"]
[Site "followchess.com"]
[Date "2022.04.16"]
[Round "5"]
[White "Namangale, Susan"]
[Black "Jambo, Linda"]
[Result "1/2-1/2"]
[WhiteElo "1301"]
[BlackElo "1450"]
[ECO "D00"]
[WhiteFed "MAW"]
[BlackFed "MAW"]
[FCGameId "-2010848649"]
[WhiteFideId "20501790"]
[BlackFideId "16400054"]
[TimeControl "5400+00"]

1. d4 d5 2. e3 Nf6 3. Bd3 Nc6 4. Nc3 e6 5. a3 b6 6. Bd2 a5 7. Bb5 Bb7 8. Nf3 Bd6 9. O-O O-O 10. Ne2 Ne7 11. Bd3 Ba6 12. Bxa6 Rxa6 13. Nc3 Nc6 14. Qe2 Ra8 15. Nb5 Re8 16. Nxd6 Qxd6 17. a4 Qd8 18. Rac1 Ne4 19. Be1 e5 20. Qb5 Qf6 21. Qxd5 exd4 22. c3 dxe3 23. fxe3 Qe6 24. Qh5 Nf6 25. Qb5 Qxe3+ 26. Bf2 Qe6 27. Rfe1 Qd5 28. c4 Qxb5 29. cxb5 Nb4 30. Rxc7 Nd3 31. Rxe8+ Rxe8 32. Bxb6 Nd5 33. Rd7 Nxb6 34. Rxd3 Nxa4 35. Ra3 Nxb2 36. Rxa5 g6 37. Ra7 Rb8 38. Ng5 Rxb5 39. Nxf7 Nd3 40. Kf1 Rb1+ 41. Ke2 Nf4+ 42. Kf3 Rf1+ 43. Kg4 Nxg2 44. Ng5 Ne3+ 45. Kh3 h6 46. Ne6 g5 47. Kg3 Nf5+ 48. Kg4 Ne3+ 49. Kh5 Rf6 50. Rg7+ Kh8 51. Rg6 Rxg6 52. Kxg6 Kg8 53. Kxh6 Ng4+ 1/2-1/2

[Event "Malawi Championship (W)"]
[Site "followchess.com"]
[Date "2022.04.16"]
[Round "5"]
[White "Msiska, Royce"]
[Black "Kapalamula Martha"]
[Result "0-1"]
[WhiteElo "1271"]
[BlackElo "1155"]
[ECO "B30"]
[WhiteFed "MAW"]
[BlackFed "MAW"]
[FCGameId "-670004808"]
[WhiteFideId "16400194"]
[BlackFideId "20505116"]
[TimeControl "5400+00"]

1. e4 c5 2. Nf3 Nc6 3. Bc4 e6 4. O-O a6 5. d4 d5 6. exd5 exd5 7. Be2 Nf6 8. c4 Be7 9. Nc3 O-O 10. dxc5 Bxc5 11. cxd5 Nb4 12. Bc4 b5 13. Bb3 Bf5 14. Nd4 Bg6 15. Nf3 Qd6 16. h3 Qg3 17. Ne2 Qd6 18. Nf4 Be4 19. a3 Nbxd5 20. Nxd5 Nxd5 21. Ng5 Bxg2 22. Kxg2 Nf4+ 23. Bxf4 Qxf4 24. Nf3 Qe4 25. Bc2 Qc6 26. Qd3 g6 27. b4 Rad8 28. Qc3 Bd4 29. Qb3 Bxa1 30. Rxa1 Rd2 31. Rc1 Re8 32. Kg3 Rde2 33. Nd4 Qd6+ 34. Kg2 Qxd4 35. Rf1 R8e5 36. Kh1 Qd7 37. f4 Qc6+ 38. Kg1 0-1

[Event "Malawi Championship (W)"]
[Site "followchess.com"]
[Date "2022.04.16"]
[Round "4"]
[White "Jambo, Linda"]
[Black "Shriyan santosh Priyasha"]
[Result "0-1"]
[WhiteElo "1450"]
[BlackElo "1583"]
[ECO "B06"]
[WhiteFed "MAW"]
[BlackFed "MAW"]
[FCGameId "559692917"]
[WhiteFideId "16400054"]
[BlackFideId "20505353"]
[TimeControl "5400+00"]

1. e4 g6 2. d4 Bg7 3. Nf3 d6 4. Be3 Nf6 5. Nc3 a6 6. Bc4 b5 7. Bb3 Bb7 8. d5 c6 9. a3 cxd5 10. Nxd5 Nbd7 11. Nxf6+ Bxf6 12. Bd4 Bxe4 13. Bxf6 Bxf3 14. Qxf3 Nxf6 15. O-O O-O 16. Rfe1 e6 17. Rad1 d5 18. c4 bxc4 19. Bxc4 Ne4 20. Bd3 Nc5 21. Bc2 Rb8 22. b4 Nd7 23. Bb3 a5 24. bxa5 Qxa5 25. Bc2 Rb2 26. Bb1 Rfb8 27. g3 R2b3 28. Qf4 Qxa3 29. Re3 Rxe3 30. fxe3 Rb2 31. Qd4 Rb4 32. Qd3 Rb3 33. Qc2 Rxe3 34. Rd3 Rxd3 35. Qxd3 Qxd3 36. Bxd3 Nc5 37. Bb5 Kg7 38. Kf2 Kf6 39. Ke3 e5 40. Bc6 Ke6 41. g4 d4+ 42. Kd2 e4 43. Bb5 Ke5 44. h3 f5 45. g5 f4 46. Bf1 e3+ 47. Kc2 f3 48. Bb5 e2 49. Bxe2 fxe2 50. Kd2 d3 51. h4 Ne4+ 52. Kxd3 e1=Q 53. h5 Qc3+ 54. Ke2 Qd2+ 55. Kf3 Qf2+ 56. Kg4 Qg3# 0-1

[Event "Malawi Championship (W)"]
[Site "followchess.com"]
[Date "2022.04.16"]
[Round "4"]
[White "Kapalamula Martha"]
[Black "Msukwa, Tupokiwe"]
[Result "0-1"]
[WhiteElo "1155"]
[BlackElo "1371"]
[ECO "B50"]
[WhiteFed "MAW"]
[BlackFed "MAW"]
[FCGameId "-597349509"]
[WhiteFideId "20505116"]
[BlackFideId "20500459"]
[TimeControl "5400+00"]

1. e4 c5 2. Nf3 d6 3. h3 Nc6 4. Bb5 Bd7 5. c3 Nf6 6. d3 e6 7. Bg5 Be7 8. e5 Nxe5 9. Bxd7+ Nexd7 10. Nbd2 a6 11. O-O b5 12. Nh2 O-O 13. f4 Nd5 14. Qe2 Bxg5 15. fxg5 Qxg5 16. Ng4 Nf4 17. Rxf4 Qxf4 18. Rf1 Qg5 19. Ne4 Qe7 20. Ng3 Ne5 21. Nxe5 dxe5 22. Qxe5 f6 23. Qe4 Qf7 24. Qg4 Rae8 25. h4 Qg6 26. Qf3 Rd8 27. Ne4 Rd5 28. g4 Rf5 29. Qg3 Rxf1+ 30. Kxf1 f5 31. gxf5 exf5 32. Ng5 h6 33. Qf3 hxg5 34. Qd5+ Qf7 35. Qxf7+ Rxf7 36. hxg5 Re7 37. b3 Re3 38. c4 Rxd3 39. cxb5 axb5 40. Ke2 Rh3 41. Kf1 Kf7 42. Kg2 Rc3 43. Kf1 Rc2 44. a4 bxa4 45. bxa4 Ra2 46. a5 Rxa5 47. Ke2 Ra3 0-1

[Event "Malawi Championship (W)"]
[Site "followchess.com"]
[Date "2022.04.16"]
[Round "4"]
[White "Namangale, Susan"]
[Black "Msiska, Royce"]
[Result "1-0"]
[WhiteElo "1301"]
[BlackElo "1271"]
[ECO "C50"]
[WhiteFed "MAW"]
[BlackFed "MAW"]
[FCGameId "930810035"]
[WhiteFideId "20501790"]
[BlackFideId "16400194"]
[TimeControl "5400+00"]

1. e4 e5 2. Nf3 Nc6 3. Bc4 Bc5 4. d3 Nf6 5. a3 O-O 6. b4 Bb6 7. b5 Nd4 8. c3 Nxf3+ 9. Qxf3 d6 10. O-O Bg4 11. Qg3 h6 12. Be3 c5 13. h3 Bh5 14. Bxh6 Bg6 15. Bg5 a6 16. bxa6 bxa6 17. Nd2 d5 18. Bxd5 Rb8 19. c4 Qd6 20. Nf3 Nh5 21. Qg4 Nf4 22. Bxf4 exf4 23. Nh4 Kh8 24. Nxg6+ fxg6 25. f3 Bd8 26. Rab1 Rxb1 27. Rxb1 Qf6 28. Rb8 Qd4+ 29. Kh2 Qf2 30. Qxg6 Qg3+ 31. Qxg3 fxg3+ 
32. Kg1 Kh7 33. Kf1 a5 34. Ke2 Kh6 35. Rc8 Kh5 36. Rxc5 Bb6 37. Rb5 Rf6 38. e5 Rh6 39. e6 Bd8 40. Bc6+ Kh4 41. Bd7 g5 42. d4 a4 43. d5 Kh5 44. d6 Kg6 45. e7 Bxe7 46. dxe7 1-0

[Event "Malawi Championship (W)"]
[Site "followchess.com"]
[Date "2022.04.16"]
[Round "4"]
[White "Mpinganjira, Ellen"]
[Black "Kumwenda Tina"]
[Result "1-0"]
[WhiteElo "1360"]
[BlackElo "1195"]
[ECO "C41"]
[WhiteFed "MAW"]
[BlackFed "MAW"]
[FCGameId "-1614897087"]
[WhiteFideId "16400100"]
[BlackFideId "20502338"]
[TimeControl "5400+00"]

1. e4 e5 2. Nf3 d6 3. h3 Nf6 4. Nc3 a6 5. Bc4 h6 6. d3 Nc6 7. a3 Be7 8. O-O O-O 9. Ne2 Bd7 10. Bd2 Qc8 11. Ng3 Nd8 12. Nh2 Be6 13. Ba2 Bxa2 14. Rxa2 Qe6 15. Ra1 Nh7 16. Nf5 Bg5 17. f4 exf4 18. Bxf4 Bxf4 19. Rxf4 Qe5 20. Qc1 g5 21. Nxh6+ Kg7 22. Nf5+ Kh8 23. Rf1 Ne6 24. Ng4 Qc5+ 25. Kh1 Nf4 26. b4 Qb5 27. Qb2+ f6 28. Ne7 Rae8 29. Nf5 d5 30. Nd4 Qd7 31. exd5 Qxd5 32. c4 Qf7 33. Rad1 Qh5 34. Rd2 Nxh3 35. gxh3 Qxh3+ 36. Nh2 g4 37. Rdf2 Ng5 38. Kg1 g3 39. Rg2 Kg7 40. Nhf3 Rh8 41. Nf5+ Qxf5 42. Rxg3 Kf7 43. Nxg5+ fxg5 44. Rxf5+ Ke6 45. Re5+ 1-0